 Dungeon Crawl Stone Soup version 0.30-a0-715-gdb4ae3ece1 (webtiles) character file.

Game seed: 5495167330535064089

89 tilp the Covered (level 5, 0/46 HPs)
             Began as a Meteoran Fighter on Jan 24, 2023.
             Killed from afar by an orc wizard (8 damage)
             ... with a magic dart
             ... on level 3 of the Dungeon.
             The game lasted 00:04:02 (781 turns).

tilp the Covered (Meteoran Fighter)                  Turns: 781, Time: 00:04:02

Health: 0/46       AC:  9    Str: 18    XL:     5   Next: 10%
Magic:  6/6        EV:  7    Int:  9    God:
Gold:   32         SH:  5    Dex: 15    Spells: 4/4 levels left

rFire   . . .      SeeInvis .    a - +0 long sword
rCold   + . .      Faith    .    c - +0 buckler
rNeg    . . .      Spirit   .    q - +0 chain mail
rPois   .          Reflect  .    (no helmet)
rElec   .          Harm     .    (no cloak)
rCorr   .          Rampage  .    (no gloves)
Will    .....                    (no boots) Stlth
                                 (no amulet)
HPRegen 0.27/turn                p - ring of protection from cold
MPRegen 0.10/turn                (no ring)

@: glowing
A: sense surroundings 1, otherworldly, glowing, explore regen
a: no special abilities


You were on level 3 of the Dungeon.
You visited 1 branch of the dungeon, and saw 3 of its levels.

You collected 32 gold pieces.

Inventory:

Hand Weapons
 a - a +0 long sword (weapon)
Missiles
 o - 7 stones (quivered)
Armour
 c - a +0 buckler (worn)
 f - a +0 plate armour
 q - a +0 chain mail (worn)
Jewellery
 p - a ring of protection from cold (left hand)
Wands
 n - a wand of iceblast (6)
Scrolls
 h - a scroll of vulnerability {unknown}
 i - a scroll of poison {unknown}
 k - 2 scrolls of identify {unknown}
 l - a scroll of fear {unknown}
 m - a scroll of teleportation {unknown}
Potions
 d - a potion of might
 g - a potion of magic {unknown}
 j - a potion of lignification


   Skills:
 + Level 3.6 Fighting
 + Level 3.1 Long Blades
 + Level 0.6 Throwing
 - Level 4.0 Armour
 * Level 2.4 Dodging
 + Level 0.7 Stealth
 - Level 4.0 Shields
 + Level 1.0 Evocations


You had 4 spell levels left.
You didn't know any spells.
Your spell library was empty.

Dungeon Overview and Level Annotations

Branches:
Dungeon (3/15) Zot: 967

Altars:


Innate Abilities, Weirdness & Mutations

You passively map a small area around you.
You are easily found by Zot.
You glow in the dark.
You regain HP and MP as you explore.


Message History

The orc wizard hits you but does no damage.
You barely miss the orc wizard.
The orc wizard is almost dead.
The hound pauses to sniff the ground.
You block the orc wizard's attack.
You closely miss the orc wizard.
The orc wizard is almost dead.
The orc wizard casts a spell at you. You resist with some effort.
The orc wizard points at you and mumbles some strange words.
The magic dart hits you.
You completely miss the orc wizard.
The orc wizard is almost dead.
The orc wizard casts a spell at you. The puff of flame hits you!
* * * LOW HITPOINT WARNING * * *
You closely miss the orc wizard.
The orc wizard is almost dead.
The orc wizard gestures at you while chanting.
You are confused.
You're too confused to move!
The orc wizard hits you but does no damage.
You bump into the rock wall.
The orc wizard hits you but does no damage.
The quokka twitches its whiskers.
You bump into the rock wall.
The orc wizard points at you and mumbles some strange words.
The puff of flame hits you!
* * * LOW HITPOINT WARNING * * *
You're too confused to move!
The orc wizard hits you but does no damage.
You miss the orc wizard.
The orc wizard is almost dead.
You feel less confused.
The orc wizard hits you but does no damage. x2
You hit the orc wizard but do no damage.
The orc wizard is almost dead.
The orc wizard points at you and mumbles some strange words.
The magic dart hits you!
You die...

, * .. , , , .. ,
, * ,#.## , #...#
** ..# ##..... **
, * ..# ....(.. *
#.# ......., ,
*#.####....(.. , ,
#@##.r.......
*#o#.......... ,
#h#.........., , .
, #r........... *
, ...
##........... *
.#...#..>.#####..
, , ..........# *
.
.#...#.#'#########
#...#.#..........
,


You could see a hound, an orc wizard and a quokka.

Vanquished Creatures
  Terence (D:3)
  2 adders
  4 dart slugs
  3 orcs (D:3)
  2 bats (D:1)
  3 endoplasms (D:1)
  6 hobgoblins
  2 jackals (D:2)
  A quokka (D:1)
  2 ball pythons (D:1)
  2 goblins (D:1)
  4 kobolds
  A rat (D:1)
33 creatures vanquished.

Notes
Turn   | Place    | Note
-------+----------+-------------------------------------------
     0 | D:1      | tilp the Meteoran Fighter began the quest for the Orb.
     0 | D:1      | Reached XP level 1. HP: 19/19 MP: 2/2
    31 | D:1      | Found a faded altar of an unknown god.
   105 | D:1      | Reached XP level 2. HP: 10/26 MP: 3/3
   164 | D:1      | Reached skill level 1 in Dodging
   247 | D:1      | Reached XP level 3. HP: 31/31 MP: 4/4
   537 | D:2      | Reached XP level 4. HP: 35/38 MP: 5/5
   629 | D:3      | Noticed Terence
   642 | D:3      | Killed Terence
   716 | D:3      | Reached XP level 5. HP: 11/46 MP: 6/6
   717 | D:3      | Reached skill level 1 in Evocations
   781 | D:3      | Killed from afar by an orc wizard

Illustrated notes

Levels and vault maps discovered:
D:1:      psy_arrival_fountain, layout_basic,
          shapermc_ecumenical_altar_rom_forum
D:2:      layout_rooms
D:3:      layout_basic, mainiacjoe_overflow_alcove_4, amethyst_killhole,
          uniq_terence, uniq_ijyb, uniq_natasha

Skill      XL: |  1  2  3  4  5 |
---------------+----------------+-----
Dodging        | 1 2 |  2.4
Long Blades    | 3 |  3.1
Armour         | 4 |  4.0
Shields        | 4 |  4.0
Evocations     | 1 |  1.0
Fighting       | |  3.6
Throwing       | |  0.6
Stealth        | |  0.7

Action                     |  1- 3 |  4- 6 || total
---------------------------+-------+-------++-------
  Melee: Long sword        |    76 |    52 ||   128
    Use: Potion            |       |     2 ||     2
 Armour: Plate armour      |    76 |    13 ||    89
         Chain mail        |       |    27 ||    27
         Skin              |       |     3 ||     3
  Dodge: Dodged            |    18 |    13 ||    31
  Block: Buckler           |    19 |    14 ||    33

Table legend: (Time is in decaauts)
 A = Elapsed time spent in this place.
 B = Non-inter-level travel time spent in this place.
 C = Inter-level travel time spent in this place.
 D = Time resting spent in this place.
 E = Time spent auto-exploring this place.
 F = Levels seen in this place.
 G = Mean time per level.
                   A        B        C        D        E       F      G
               +--------+--------+--------+--------+--------+-----+--------+
         Total |    830 |    820 |     10 |     25 |      0 |   3 |  276.7 |
       Dungeon |    830 |    820 |     10 |     25 |      0 |   3 |  276.7 |
               +--------+--------+--------+--------+--------+-----+--------+

Top non-repeatable levels by time:
     D:1: 431 daAuts
     D:3: 216 daAuts
     D:2: 182 daAuts
